 Dungeon Crawl Stone Soup version 0.15-a0-1363-g87d8b17 (webtiles) character file.

213 PolkaDot the Gusty (level 5, -3/35 HPs)
             Began as a Vampire Air Elementalist on June 9, 2014.
             Slain by a big kobold
             ... wielding a +0,+0 club
              (7 damage)
             ... on Level 3 of the Dungeon.
             The game lasted 00:12:02 (2565 turns).

PolkaDot the Gusty (Vampire Air Elementalist)       Turns: 2565, Time: 00:12:02

HP  -3/35        AC  2     Str  9      XL: 5   Next: 59%
MP   0/9         EV 14     Int 18      God:
Gold 77          SH  0     Dex 14      Spells:  3 memorised,  3 levels left

rFire  . . .     SeeInvis +     n - +0 short sword
rCold  . . .     Clarity  .     a - +0 robe
rNeg   + . .     rCorr    .     (no shield)
rPois  .         rRot     .     (no helmet)
rElec  .         Spirit   .     (no cloak)
SustAb .         Warding  .     (no gloves)
rMut   .         Stasis   .     (no boots)
Gourm  .                        (no amulet)
MR     .....                    h - +2 ring of evasion
                                f - +2 ring of strength

@: very slightly contaminated, not resistant to hostile enchantments, unstealthy
A: fangs 3, see invisible, unbreathing
a: Bat Form


You were on level 3 of the Dungeon.
You were not thirsty.

You visited 1 branch of the dungeon, and saw 3 of its levels.

You collected 77 gold pieces.

Inventory:

Hand weapons
 n - a +0,+0 short sword (weapon)
Armour
 a - a +0 robe (worn)
Scrolls
 e - 2 scrolls of noise {unknown}
 g - a scroll of enchant weapon II {unknown}
 i - a scroll of enchant weapon I {unknown}
 l - a scroll of recharging {unknown}
 m - a scroll of remove curse {unknown}
Jewellery
 f - a +2 ring of strength (left hand)
 h - a +2 ring of evasion (right hand)
Potions
 c - a potion of curing
Books
 b - a book of Air

   Spells                             Type                      Level
   *Shock                             Conjuration/Air              1
   Swiftness                          Charms/Air                   2
   *Repel Missiles                    Charms/Air                   2
   Flight                             Charms/Air                   3
   *Static Discharge                  Conjuration/Air              3
   Lightning Bolt                     Conjuration/Air              5


   Skills:
 + Level 1.8 Short Blades
 - Level 2.1 Dodging
 - Level 3.0 Stealth
 - Level 2.5 Spellcasting
 + Level 2.0 Conjurations
 * Level 5.0 Air Magic


You had 3 spell levels left.
You knew the following spells:

 Your Spells              Type           Power        Failure   Level  Hunger
a - Shock                 Conj/Air       ###.         4%          1    #......
s - Static Discharge      Conj/Air       ###.....     14%         3    ###....
D - Repel Missiles        Chrm/Air       ##....       12%         2    ##.....


Dungeon Overview and Level Annotations

Branches:
Dungeon (3/15)

Altars:


Innate Abilities, Weirdness & Mutations

You have razor-sharp teeth.*
You have supernaturally acute eyesight.
You can survive without breathing.*


Message History

Casting: Static Discharge
Confirm with . or Enter, or press ? or * to list all spells.
The big kobold is struck by lightning.
The big kobold is heavily wounded.
The lightning arcs!
You are struck by lightning.
* * * LOW HITPOINT WARNING * * *
The lightning grounds out.
The kobold is struck by lightning.
You kill the kobold!
The lightning arcs!
The big kobold is struck by lightning.
The big kobold is lightly wounded.
The lightning grounds out.
The kobold is struck by lightning.
You kill the kobold!
The lightning arcs!
The big kobold is struck by lightning.
The big kobold is moderately wounded.
The lightning arcs!
You are struck by lightning.
* * * LOW HITPOINT WARNING * * *
The lightning grounds out.
* * * LOW MAGIC WARNING * * *
The big kobold hits you with a club!
You die...

≈≈≈≈≈≈≈≈ #####
########################$$$#
#.......#..............#$$$#
#......)'..............#$$g#
#########.......)......##%#
.#..........########......#
.'..........# #......#
.#....(.....########.(.(..#
#########.......@K.....##+#
#.......'......K$((....#
#.......#..........(...#
########################


You could see 2 big kobolds.

Vanquished Creatures
  Sigmund (D:2)
  Terence (D:2)
  A gnoll (D:3)
  4 adders
  A giant mite (D:1)
  An ooze (D:1)
  6 bats
  4 giant cockroaches
  8 hobgoblins
  6 jackals (D:2)
  2 giant newts
  4 goblins
  32 kobolds
  6 rats
77 creatures vanquished.

Notes
Turn   | Place    | Note
--------------------------------------------------------------
     0 | D:1      | PolkaDot, the Vampire Air Elementalist, began the quest for the Orb.
     0 | D:1      | Reached XP level 1. HP: 13/13 MP: 3/3
   281 | D:1      | Reached XP level 2. HP: 19/19 MP: 4/4
   741 | D:1      | Learned a level 2 spell: Repel Missiles
   763 | D:2      | Reached skill level 1 in Conjurations
   865 | D:2      | Reached XP level 3. HP: 10/24 MP: 0/6
  1296 | D:2      | Reached skill level 4 in Air Magic
  1410 | D:2      | Noticed Terence
  1439 | D:2      | Learned a level 3 spell: Static Discharge
  1460 | D:2      | Killed Terence
  1460 | D:2      | Reached XP level 4. HP: 6/30 MP: 0/8
  1800 | D:2      | Noticed Sigmund
  1818 | D:2      | Killed Sigmund
  1818 | D:2      | Reached skill level 1 in Short Blades
  1818 | D:2      | Reached XP level 5. HP: 12/35 MP: 9/9
  2355 | D:3      | Reached skill level 5 in Air Magic
  2565 | D:3      | Slain by a big kobold

Action                   |  1- 3 |  4- 6 || total
-------------------------+-------+-------++-------
Melee: Unarmed           |    85 |       ||    85
       Short sword       |     5 |   103 ||   108
 Cast: Shock             |    34 |       ||    34
       Static Discharge  |     2 |    13 ||    15
  Use: Potion            |     3 |     3 ||     6
 Stab: Sleeping          |     2 |     2 ||     4
